 Dungeon Crawl Stone Soup version 0.31.0-2-g5a2aebc5c2 (webtiles) character file.

Game seed: 7742923136474741562

22050 puppykicker the Basher (level 12, -11/111 HPs)
             Began as an Oni Hexslinger on Jan 20, 2024.
             Was an Elder of Hepliaklqana.
             Mangled by a wolf spider (27 damage)
             ... in a Gauntlet.
             The game lasted 01:12:06 (13413 turns).

puppykicker the Basher (Oni Hexslinger)            Turns: 13413, Time: 01:12:06

Health: -11/111    AC: 12    Str: 19    XL:     12   Next: 96%
Magic:  15/16      EV: 16    Int: 14    God:    Hepliaklqana [****..]
Gold:   1290       SH:  0    Dex: 11    Spells: 1/15 levels left

rFire   . . .        b - +1 giant club (protect)
rCold   . . .        (shield currently unavailable)
rNeg    . . .        N - +0 steam dragon scales
rPois   .            (helmet restricted)
rElec   .            h - +0 cloak
rCorr   .            (gloves unavailable)
SInv    .            (boots unavailable)
Will    .....        R - amulet of regeneration
Stlth   +            q - +4 ring of protection
HPRegen 1.18/turn    Q - +5 ring of evasion
MPRegen 0.15/turn

%: no teleportation
@: weak-willed, invisible
A: reduced essence, large, unfitting armour, horns 1, tough skin 1, double
potion healing, drunken brawling
a: Renounce Religion, Recall Ancestor, Ancestor Identity, Transference, Idealise


You were in a Gauntlet.
You worshipped Hepliaklqana.
Hepliaklqana was greatly pleased with you.
You visited 2 branches of the dungeon, and saw 15 of its levels.
You also visited: Sewer, Ossuary, Bailey and Gauntlet.

You collected 1830 gold pieces.
You spent 540 gold pieces at shops.

Inventory:

Hand Weapons
 a - a +1 sling
 b - a +1 giant club of protection (weapon)
 T - a +0 giant spiked club
Missiles
 f - 2 javelins
 m - 25 poisoned darts
 v - 32 boomerangs (quivered)
 F - 12 large rocks
 J - a throwing net
 M - 6 darts of dispersal
Armour
 h - a +0 cloak (worn)
 w - a +0 kite shield
 x - a +2 robe of cold resistance {rC+}
 N - +0 steam dragon scales (worn)
Jewellery
 q - a +4 ring of protection (left hand)
 I - a ring of protection from cold
 Q - a +5 ring of evasion (right hand)
 R - an amulet of regeneration (around neck)
Wands
 E - a wand of flame (16)
 L - a wand of polymorph (19)
 S - a wand of roots (2)
Scrolls
 e - 2 scrolls of fear
 g - 2 scrolls of silence
 j - 2 scrolls of amnesia
 n - 2 scrolls of enchant weapon
 p - 2 scrolls of poison {!r}
 r - 2 scrolls of immolation {!r}
 t - 4 scrolls of teleportation
 A - 2 scrolls of revelation
 O - a scroll of fog
 P - a scroll of enchant armour
Potions
 c - 7 potions of enlightenment
 d - 2 potions of resistance
 i - a potion of lignification {!q}
 o - 3 potions of brilliance
 s - a potion of invisibility
 u - 3 potions of magic
 y - a potion of berserk rage {!q}
 z - 2 potions of mutation {!q}
 C - 2 potions of attraction {!q}
 D - 2 potions of cancellation
 G - a potion of might
 K - 2 potions of haste
Miscellaneous
 k - a lightning rod (2/4)


   Skills:
 - Level 9.6 Fighting
 + Level 14.5 Maces & Flails
 - Level 1.3 Ranged Weapons
 - Level 8.5 Throwing
 - Level 4.9 Armour
 - Level 5.0 Dodging
 - Level 2.0 Spellcasting
 - Level 2.6 Hexes
 - Level 0.8 Fire Magic
 - Level 6.5 Invocations
 - Level 4.0 Evocations


You had one spell level left.
You knew the following spells:

 Your Spells              Type           Power      Damage    Failure   Level
a - Jinxbite              Hex            16%        N/A       12%         2
b - Sigil of Binding      Hex            8%         N/A       24%         3
c - Dimensional Bullseye  Hex/Tloc       2%         N/A       80%         4
e - Cause Fear            Hex            4%         N/A       61%         4
g - Apportation           Tloc           2%         N/A       24%         1

Your spell library contained the following spells:

 Spells                   Type           Power      Damage    Failure   Level
 Freeze                   Ice            4%         1d3       24%         1
 Tukima's Dance           Hex            8%         N/A       24%         3
 Inner Flame              Hex/Fire       6%         N/A       34%         3
 Dazzling Flash           Conj/Hex       10%        N/A       38%         3
 Volatile Blastmotes      Fire/Tloc      4%         2d10      52%         3
 Frozen Ramparts          Ice            2%         1d1       56%         3
 Hailstorm                Conj/Ice       1%         3d5       56%         3
 Iskenderun's Mystic Bla  Conj/Tloc      1%         2d3       93%         4
 Alistair's Intoxication  Alch           0%         N/A       100%        5
 Starburst                Conj/Fire      1%         6d3       100%        6
 Maxwell's Capacitive Co  Air            0%         ∞         100%        8


Dungeon Overview and Level Annotations

Branches:
Dungeon (14/15)            Temple (1/1) D:7            Lair (0/5) D:10
    Orc (0/2) D:9          Vaults (0/5) D:14          Sewer (visited)
Ossuary (visited)          Bailey (visited)         Gauntlet (1/1)

Altars:
Ashenzari
Cheibriados
Dithmenos
Elyvilon
Fedhas
Gozag
Hepliaklqana
Kikubaaqudgha
Makhleb
Nemelex Xobeh
Okawaru
Qazlal
Ru
Sif Muna
Trog
Uskayaw
Vehumet
Wu Jian
Xom
Yredelemnul
Zin
The Shining One

Shops:
D:4 (   D:6 =*=   D:9 [   D:14 [

Portals:
Trove: D:12 (give +7 demon whip)

Annotations:
D:9 2 transporters, bungle's ghost, journeyman OnGl Gauntlet 11 transporters, 2 runed translucent doors


Innate Abilities, Weirdness & Mutations

Your life essence is reduced to manifest your ancestor. (-10% HP)
You are too large for most types of armour.
You have a pair of small horns on your head.
You have tough skin. (AC +1)
You gain doubled healing and magic from potions.
Whenever you drink a healing potion, you attack all around you.


Message History

Okay, then.
As you read the scroll of fear, it crumbles to dust.
You assume a fearsome visage.
The redback is unaffected.
The redback is unaffected.
The redback is unaffected.
The redback looks frightened!
The wolf spider is unaffected.
The moth of wrath looks frightened!
The redback bites you!
* * * LOW HITPOINT WARNING * * *
The redback closely misses you. x2
The shadow imp laughs crazily.
The redback misses you.
You take 11 damage, and have 17/111 hp.
Okay, then.
Blink to where?
Press: ? - help, Dir - move target
As you read the scroll of blinking {!r}, it crumbles to dust.
The wolf spider seems less drained.
The air fills with toxic fumes!
As you read the scroll of poison {!r}, it crumbles to dust.
The redback seems less drained.
The wolf spider is engulfed in poison gas.
The wolf spider is poisoned.
The wolf spider is engulfed in poison gas.
The wolf spider looks even sicker.
Unknown command.
You fade into invisibility!
The redback is engulfed in poison gas.
The redback is poisoned.
The wolf spider is engulfed in poison gas.
The wolf spider looks even sicker.
The wolf spider hits you.
* * * LOW HITPOINT WARNING * * *
The wolf spider barely misses you.
The redback is poisoned.
The moth of wrath is engulfed in poison gas.
The moth of wrath is poisoned.
The redback is engulfed in poison gas.
The redback looks even sicker.
The wolf spider is engulfed in poison gas.
The wolf spider looks as sick as possible!
The wolf spider hits you!!
You die...

#############
########≈#≈#≈#§#≈#≈##############
#≈#≈#≈#......§......#≈#≈#§#≈#≈#≈#
§.........∩..8..∩................
8.....8......©......8.....8.....8
©.......###########.......©......
#####...#....#§§§§#...#########..
....#...#...#.#§§§#...###...###..
##..#...#..#.s.#@§#...###...###..
..#.#...#.#..#§s#§#...#YY##+..#..
©.#Y#.8.##..#s#§s##.8.#Yp#©#..#.8
..#.#...#..#..§#..#...#Y"+##..#..
###.#...#.#s.#..#.#...###$).###..
©)..#...##.s#y#..##...####©####..
#####...#?=#§§.#".#...#########..
©.#.....###########.....#.©.#....
8.#...8....#.©.#....8...#.8.#...8


You could see 3 death yaks, a wolf spider (berserk, unable to see you, extremely
poisoned), a moth of wrath (unable to see you, fleeing, poisoned) and 3
redbacks.

Levels and vault maps discovered:
D:1:      doesnt_arrival_eight_statues, layout_basic,
          nicolae_ecumenical_lake_church
D:2:      layout_loops_cross, uniq_terence, uniq_sigmund
D:3:      layout_loops_ring, nicolae_ru_sacrificial_ziggurat,
          kiku_gazebo_garden_becter, minitemple
D:4:      layout_loops_ring, amcnicky_altar_gilded, serial_shops,
          nicolae_shop_drivethru, uniq_duvessa
D:5:      layout_layer_cave, mainiacjoe_overflow_tiny_flanked,
          chequers_temple_overflow_statue_of_worship, enter_ossuary_4,
          uniq_blork_the_orc, uniq_menkaure
D:6:      layout_loops_ring, hellmonk_okawaru_the_only_friend_you_need,
          evilmike_ruin_ashenzari, serial_shops, nicolae_shop_trees,
          nicolae_shop_just_a_little_nook, shop, cheibrodos_sewer_entry_sluice
D:7:      layout_basic, minmay_temple_entry_junction
D:8:      layout_gridville, grunt_gozag_breadcrumbs, enter_bailey_2
D:9:      layout_grid_maze, orc_0_dummy, serial_shops, shop,
          gammafunk_ghost_berserking_beasts
D:10:     layout_basic, lemuel_crystal_altar, lair_entry_dummy,
          nicolae_tricolors
D:11:     layout_cave_pools
D:12:     layout_roguey, nicolae_trove_entry_isolated
D:13:     layout_roguey, uniq_josephine, uniq_kirke
D:14:     layout_irregular_city, hellmonk_vaults_order_and_chaos,
          gauntlet_entry_generic, serial_shops, shop_fountains
Temple:   kb_temple_of_zot
Gauntlet: minmay_gauntlet_mixed_oops_all_seconds [minmay_gauntlet_arena_77_box,
          gammafunk_gauntlet_arena_arrow_garden,
          minmay_gauntlet_arena_77_cramped, gammafunk_gauntlet_arena_spirals,
          minmay_gauntlet_arena_77_tiled_triplets,
          nicolae_gauntlet_arena_flowing_pool, gauntlet_exit_hidden_loot]

Notes
Turn   | Place    | Note
-------+----------+-------------------------------------------
     0 | D:1      | puppykicker the Oni Hexslinger began the quest for the Orb.
     0 | D:1      | Reached XP level 1. HP: 19/19 MP: 2/2
    68 | D:1      | Reached skill level 2 in Fighting
    95 | D:1      | Reached XP level 2. HP: 22/29 MP: 3/3
   127 | D:1      | Learned a level 2 spell: Jinxbite
   190 | D:1      | Identified a +0 dagger
   193 | D:1      | Reached skill level 3 in Fighting
   193 | D:1      | Identified a +0 dagger
   261 | D:1      | Identified a +0 short sword
   279 | D:1      | Found a faded altar of an unknown god.
   323 | D:1      | Identified a +0 whip
   661 | D:2      | Identified a +0 ring mail
   679 | D:1      | Reached XP level 3. HP: 23/39 MP: 1/4
   721 | D:2      | Reached skill level 1 in Maces & Flails
   786 | D:2      | Identified a +0 short sword
   788 | D:2      | Identified a +0 hand axe
   788 | D:2      | Identified a +0 short sword
   788 | D:2      | Identified a +0 leather armour
   790 | D:2      | Identified a +0 hand axe
   790 | D:2      | Identified a +3 leather armour
   805 | D:2      | Identified a +1 sling
   809 | D:2      | Identified a +0 dagger
   824 | D:1      | Reached skill level 4 in Fighting
   824 | D:1      | Reached skill level 2 in Maces & Flails
   824 | D:1      | Reached XP level 4. HP: 24/48 MP: 0/5
   990 | D:2      | Identified a +0 short sword
   990 | D:2      | Identified a +0 chain mail
   990 | D:2      | Noticed Terence
   990 | D:2      | Identified a +0 club
  1013 | D:2      | Killed Terence
  1080 | D:2      | Identified a +0 pair of boots
  1119 | D:2      | Identified a +0 scythe
  1119 | D:2      | Identified a +0 robe
  1119 | D:2      | Noticed Sigmund
  1127 | D:2      | HP: 11/49 [Sigmund/+0 scythe (11)]
  1131 | D:2      | Identified 2 potions of lignification
  1134 | D:2      | HP: 17/73 [Sigmund/+0 scythe (1)]
  1141 | D:2      | HP: 18/73 [something (2)]
  1147 | D:2      | HP: 18/73 [something (3)]
  1153 | D:2      | Identified a potion of haste
  1153 | D:2      | HP: 18/73 [something/puff of flame (1)]
  1154 | D:2      | Identified a potion of ambrosia
  1177 | D:2      | Identified a +0 robe
  1193 | D:2      | HP: 18/73 [something (4)]
  1194 | D:2      | Killed Sigmund
  1195 | D:2      | Reached skill level 5 in Fighting
  1195 | D:2      | Reached skill level 4 in Maces & Flails
  1195 | D:2      | Reached XP level 5. HP: 22/57 MP: 1/6
  1195 | D:2      | Reached XP level 6. HP: 25/66 MP: 1/7
  1376 | D:2      | Identified a +0 sling
  1376 | D:2      | Identified a +0 trident
  1394 | D:2      | Identified a +1 dagger of venom
  1458 | D:2      | Identified a +0 club
  1814 | D:2      | Identified a +0 mace
  1852 | D:3      | Identified a +0 dagger
  1969 | D:3      | Found a sacrificial altar of Ru.
  1970 | D:3      | Identified a +0 dagger
  1978 | D:3      | Identified a +0 vampiric war axe
  1980 | D:3      | Identified a +0 club
  2057 | D:3      | Identified a +0 hand axe
  2057 | D:3      | Identified a +4 ring of protection
  2069 | D:3      | Learned a level 1 spell: Apportation
  2073 | D:3      | Learned a level 3 spell: Sigil of Binding
  2099 | D:3      | Identified a +0 flail
  2109 | D:3      | Identified a +0 club
  2232 | D:3      | Found a blossoming altar of Fedhas.
  2237 | D:3      | Found a stormy altar of Qazlal.
  2242 | D:3      | Found a shimmering altar of Xom.
  2312 | D:3      | Identified the +0 ring mail of the Louse {rC+ Str+3}
  2335 | D:3      | Found an ancient bone altar of Kikubaaqudgha.
  2342 | D:3      | Identified a ring of magical power
  2435 | D:3      | Identified a +0 club
  2435 | D:3      | Identified a +0 club
  2435 | D:3      | Identified a +0 club
  2580 | D:3      | Identified a +0 helmet
  2588 | D:3      | Identified a +0 hand axe
  2858 | D:4      | Identified a +0 short sword
  2936 | D:4      | Identified a +0 whip
  2936 | D:4      | Identified a +0 club
  2937 | D:4      | Identified a +0 spear
  2961 | D:4      | Identified a +0 giant club
  2970 | D:4      | Reached skill level 6 in Fighting
  2970 | D:4      | Reached skill level 5 in Maces & Flails
  2970 | D:4      | Reached skill level 1 in Throwing
  2970 | D:4      | Reached XP level 7. HP: 44/75 MP: 8/8
  2989 | D:4      | Identified a +0 cloak
  2993 | D:4      | Identified a +0 robe
  3003 | D:4      | Found a transporter.
  3016 | D:4      | Found Elimyd's Weapon Shop.
  3066 | D:4      | Found a transporter.
  3141 | D:4      | Identified a +0 whip
  3141 | D:4      | Identified a +0 flail
  3141 | D:4      | Identified a +0 whip
  3141 | D:4      | Identified a +0 club
  3141 | D:4      | Identified a +0 robe
  3142 | D:4      | Identified a +0 club
  3143 | D:4      | Identified a +0 whip
  3282 | D:4      | Identified a +0 rapier
  3282 | D:4      | Identified a +0 chain mail
  3282 | D:4      | Noticed Duvessa
  3284 | D:4      | Identified a +0 dagger
  3284 | D:4      | Identified a +1 robe of cold resistance
  3284 | D:4      | Noticed Dowan
  3297 | D:4      | Killed Duvessa
  3298 | D:4      | Reached skill level 6 in Maces & Flails
  3300 | D:4      | Killed Dowan
  3303 | D:4      | Identified a +0 war axe
  3405 | D:4      | Identified a +0 rapier
  3432 | D:4      | Identified a +0 dagger
  3462 | D:4      | Identified a +0 mace
  3462 | D:4      | Identified a +0 hand axe
  3462 | D:4      | Identified a +0 short sword
  3462 | D:4      | Identified a +0 scale mail
  3462 | D:4      | Identified a +0 dagger
  3462 | D:4      | Identified a +0 robe
  3566 | D:4      | Found a shimmering blue altar of Sif Muna.
  3571 | D:4      | Identified a +0 dagger
  3603 | D:4      | Identified a +0 ring mail
  3740 | D:5      | Entered Level 5 of the Dungeon
  3741 | D:5      | Identified 3 scrolls of identify
  3741 | D:5      | Identified a potion of brilliance
  3742 | D:5      | Identified 2 potions of curing
  3743 | D:5      | Identified a potion of might
  3763 | D:5      | Noticed a wyvern
  3770 | D:5      | Reached skill level 7 in Maces & Flails
  3770 | D:5      | Reached XP level 8. HP: 37/83 MP: 9/9
  3771 | D:5      | HP: 17/83 [wyvern (9)]
  3772 | D:5      | Killed a wyvern
  3838 | D:5      | Identified a scroll of fear
  3940 | D:5      | Identified a scroll of enchant armour
  4047 | D:5      | Identified a +3 flail of protection
  4047 | D:5      | Identified a +0 robe
  4047 | D:5      | Noticed Blork the orc
  4051 | D:5      | Noticed Menkaure
  4062 | D:5      | Killed Blork the orc
  4064 | D:5      | Reached skill level 8 in Maces & Flails
  4064 | D:5      | Identified 3 potions of magic
  4065 | D:5      | Identified 3 potions of resistance
  4069 | D:5      | Killed Menkaure
  4092 | D:5      | Found a sand-covered staircase.
  4245 | Ossuary  | Entered an ossuary
  4293 | Ossuary  | HP: 17/83 [crocodile zombie (5)]
  4302 | Ossuary  | Identified a potion of heal wounds
  4307 | Ossuary  | Reached skill level 2 in Throwing
  4550 | D:5      | Found a sparkling altar of Nemelex Xobeh.
  4561 | D:5      | Reached skill level 9 in Maces & Flails
  4583 | D:5      | Found a hazy altar of Hepliaklqana.
  4700 | D:5      | Found a burning altar of Makhleb.
  4737 | D:5      | Reached skill level 3 in Throwing
  4907 | D:5      | Identified an amulet of regeneration
  5105 | D:5      | Identified a +2 heavy mace
  5106 | D:5      | Identified a +0 short sword of speed
  5108 | D:5      | Identified a +0 dagger
  5108 | D:5      | Identified a +0 robe
  5110 | D:5      | Identified a +0 dagger
  5110 | D:5      | Identified a +0 robe
  5131 | D:5      | Reached XP level 9. HP: 76/89 MP: 10/10
  5148 | D:5      | Identified a +0 pair of gloves
  5203 | D:6      | Identified a +0 mace
  5238 | D:6      | Found Itowait's Jewellery Shop.
  5248 | D:6      | Found Xevvap's General Store.
  5254 | D:6      | Identified a +0 giant club
  5331 | D:6      | Found a glowing drain.
  5352 | Sewer    | Entered a sewer
  5692 | Sewer    | Identified 3 scrolls of teleportation
  5693 | Sewer    | Identified 2 scrolls of silence
  5727 | Sewer    | Identified 2 scrolls of revelation
  5876 | D:6      | Identified a +0 hand axe
  5876 | D:6      | Identified a +0 leather armour
  5877 | D:6      | Identified a +0 flail
  5877 | D:6      | Identified a +0 club
  5877 | D:6      | Identified a +0 ring mail
  5887 | D:6      | Identified a +0 short sword
  5895 | D:6      | Identified a +0 falchion
  5895 | D:6      | Identified a +0 chain mail
  5909 | D:6      | Learned a level 4 spell: Cause Fear
  5943 | D:6      | Identified a ring of protection from cold
  5945 | D:6      | Identified a +0 scale mail
  5961 | D:6      | Reached skill level 10 in Maces & Flails
  5961 | D:6      | Reached skill level 4 in Throwing
  6026 | D:6      | Identified a +0 leather armour
  6046 | D:6      | Identified a +0 plate armour
  6056 | D:6      | Found Ibling's Jewellery Shoppe.
  6159 | D:6      | Reached skill level 2 in Spellcasting
  6213 | D:6      | Found a broken altar of Ashenzari.
  6308 | D:6      | Identified a +0 short sword
  6509 | D:6      | Found an iron altar of Okawaru.
  6512 | D:6      | Identified the +8 glaive of Wrongful Imprisonment {flame,
                  | Dex+2}
  6621 | D:7      | Identified a +0 short sword
  6621 | D:7      | Identified a +0 chain mail
  6621 | D:7      | Identified a +0 club
  6621 | D:7      | Identified a +0 chain mail
  6621 | D:7      | Identified a +0 club
  6623 | D:7      | Identified a +0 flail
  6623 | D:7      | Identified a +0 ring mail
  6624 | D:7      | Identified a +0 hand axe
  6624 | D:7      | Identified a +0 ring mail
  6688 | D:7      | Found a staircase to the Ecumenical Temple.
  6722 | D:7      | Identified a +0 dagger
  6745 | D:7      | Reached skill level 5 in Throwing
  6755 | Temple   | Entered the Ecumenical Temple
  6910 | D:5      | Became a worshipper of Hepliaklqana the Forgotten
  6963 | D:7      | Identified a +0 trident
  7013 | D:7      | Identified +0 steam dragon scales
  7014 | D:7      | Reached skill level 11 in Maces & Flails
  7031 | D:7      | Identified a potion of cancellation
  7061 | D:7      | Identified a +0 whip
  7061 | D:7      | Identified a +0 robe
  7083 | D:7      | Identified a +0 spear
  7092 | D:7      | Identified a +0 spear
  7125 | D:7      | Identified a +0 mace
  7153 | D:7      | Identified a +0 spear
  7461 | D:6      | Bought a +5 ring of evasion for 540 gold pieces
  7840 | D:8      | Identified a potion of mutation
  7855 | D:8      | Identified 2 scrolls of immolation
  7856 | D:8      | Identified 2 scrolls of blinking
  7857 | D:8      | Identified a scroll of vulnerability
  7858 | D:8      | Identified a scroll of torment
  7890 | D:8      | Identified a scroll of fog
  7891 | D:8      | Identified a scroll of noise
  7892 | D:8      | Identified a scroll of brand weapon
  7893 | D:8      | Identified a scroll of enchant weapon
  7895 | D:8      | Identified a scroll of amnesia
  7920 | D:8      | Identified a +0 short sword
  7920 | D:8      | Identified a +0 dagger
  7920 | D:8      | Identified a +0 dagger
  7946 | D:8      | Identified a +0 short sword
  7953 | D:8      | Reached XP level 10. HP: 98/98 MP: 13/13
  8045 | D:8      | Identified a +0 orcbow
  8093 | D:8      | Identified a +4 halberd
  8093 | D:8      | Identified a +0 robe
  8093 | D:8      | Identified a +4 hand axe
  8093 | D:8      | Identified a +0 robe
  8094 | D:8      | Identified a +0 flail
  8094 | D:8      | Identified a +0 robe
  8116 | D:8      | Identified a +3 great sword
  8116 | D:8      | Identified a +0 robe
  8116 | D:8      | Identified a +2 morningstar of protection
  8116 | D:8      | Identified a +0 robe
  8199 | D:8      | Reached skill level 12 in Maces & Flails
  8215 | D:8      | Found a flagged portal.
  8221 | D:8      | Identified a +0 hand axe
  8224 | Bailey   | Entered a bailey
  8230 | Bailey   | Identified a +0 war axe
  8230 | Bailey   | Identified a +0 plate armour
  8230 | Bailey   | Identified a +0 broad axe
  8230 | Bailey   | Identified a +0 scale mail
  8230 | Bailey   | Identified a +0 hand axe
  8230 | Bailey   | Identified a +0 leather armour
  8230 | Bailey   | Identified a +0 war axe
  8230 | Bailey   | Identified a +0 ring mail
  8234 | Bailey   | Identified a +0 hand axe
  8234 | Bailey   | Identified a +0 leather armour
  8242 | Bailey   | Identified a +0 war axe
  8242 | Bailey   | Identified a +0 chain mail
  8242 | Bailey   | Noticed an orc knight
  8261 | Bailey   | Identified a +0 hand axe
  8261 | Bailey   | Identified a +0 leather armour
  8263 | Bailey   | Identified a +0 hand axe
  8263 | Bailey   | Identified a +0 leather armour
  8276 | Bailey   | Identified a +0 hand axe
  8276 | Bailey   | Identified a +0 leather armour
  8279 | Bailey   | Identified a +1 leather armour of fire resistance
  8325 | Bailey   | Identified a +0 war axe
  8325 | Bailey   | Identified a +0 leather armour
  8365 | Bailey   | Identified the +1 mace of Utsik {pain, rElec Str+2}
  8434 | Bailey   | an orc knight changed into a redback
  8456 | Bailey   | Reached skill level 2 in Dodging
  8477 | Bailey   | Identified a +3 hand axe
  8477 | Bailey   | Identified a +0 leather armour
  8478 | Bailey   | Identified a +0 war axe
  8478 | Bailey   | Identified a +0 plate armour
  8481 | Bailey   | Reached skill level 1 in Invocations
  8481 | Bailey   | Identified a +0 war axe
  8481 | Bailey   | Identified a +0 ring mail
  8484 | Bailey   | Identified a +0 war axe
  8484 | Bailey   | Identified a +0 chain mail
  8501 | Bailey   | Reached skill level 1 in Armour
  8625 | D:8      | Identified a +0 hand axe
  8626 | D:8      | Identified a +0 hand axe
  8721 | D:8      | Reached * piety under Hepliaklqana
  8724 | D:8      | Identified a +6 ring of dexterity
  8806 | D:8      | Found an opulent altar of Gozag.
  8808 | D:8      | Identified 2 potions of attraction
  8853 | D:8      | Identified a +0 dagger
  8853 | D:8      | Identified a +0 ring mail
  8870 | D:8      | Identified +0 steam dragon scales
  8871 | D:8      | Reached skill level 6 in Throwing
  8871 | D:8      | Reached skill level 1 in Evocations
  8973 | D:8      | Identified a +2 short sword of electrocution
  8974 | D:8      | Identified a +0 dagger
  8974 | D:8      | Identified a +0 robe
  8974 | D:8      | Identified a +0 flail
  8974 | D:8      | Identified a +2 robe of positive energy
  8974 | D:8      | Identified a +0 hand axe
  8974 | D:8      | Identified a +0 ring mail
  8976 | D:8      | Identified a +0 club
  8977 | D:8      | Identified a +0 hand axe
  8977 | D:8      | Identified a +0 robe
  8980 | D:8      | Identified a +0 dagger
  8980 | D:8      | Identified a +0 robe
  8981 | D:8      | Identified a +0 scimitar
  8981 | D:8      | Identified the +2 ring mail of the Orcish Mines {rElec
                  | Int+4 Dex-5}
  8982 | D:8      | Identified a +0 spear
  8991 | D:8      | Identified a +0 spear
  8991 | D:8      | Identified a +0 scale mail
  8991 | D:8      | Identified a +0 kite shield
  8994 | D:8      | Identified a +0 whip
  9016 | D:8      | Identified a +0 flail
  9165 | D:8      | Identified a +0 falchion
  9165 | D:8      | Identified a +0 short sword
  9165 | D:8      | Identified a +0 leather armour
  9165 | D:8      | Identified a +0 hand axe
  9165 | D:8      | Identified a +0 leather armour
  9166 | D:8      | Identified a +0 club
  9166 | D:8      | Identified a +0 whip
  9166 | D:8      | Identified a +0 leather armour
  9225 | D:9      | Found a transporter.
  9244 | D:9      | Found a transporter.
  9248 | D:9      | Noticed bungle's ghost (journeyman OnGl)
  9249 | D:9      | Noticed a moth of wrath
  9286 | D:9      | Reached skill level 2 in Invocations
  9337 | D:9      | Identified a +0 whip
  9397 | D:9      | Reached ** piety under Hepliaklqana
  9412 | D:9      | Identified a +0 giant club
  9412 | D:9      | Identified a +0 giant club
  9412 | D:9      | Noticed a two-headed ogre
  9413 | D:9      | Remembered your ancestor your gay dad as a hexer
  9413 | D:9      | Identified a +0 dagger of draining
  9417 | D:9      | Killed a two-headed ogre
  9418 | D:9      | Reached skill level 7 in Fighting
  9418 | D:9      | Reached skill level 2 in Armour
  9418 | D:9      | Reached skill level 3 in Dodging
  9418 | D:9      | Reached XP level 11. HP: 98/98 MP: 14/14
  9424 | D:9      | Reached skill level 3 in Invocations
  9464 | D:9      | Reached skill level 2 in Evocations
  9565 | D:9      | Identified a +0 mace
  9565 | D:9      | Identified a +0 chain mail
  9567 | D:9      | Identified a +0 whip
  9567 | D:9      | Identified a +0 leather armour
  9569 | D:9      | Identified a +0 flail
  9649 | D:9      | Reached skill level 7 in Throwing
  9668 | D:9      | Found a staircase to the Orcish Mines.
  9671 | D:9      | Identified a +3 scimitar
  9671 | D:9      | Identified a +0 robe
  9673 | D:9      | Identified a +4 war axe
  9673 | D:9      | Identified a +0 robe
  9677 | D:9      | Identified a +2 trident
  9677 | D:9      | Identified a +0 orcbow
  9677 | D:9      | Identified a +0 robe
  9677 | D:9      | Identified a +4 long sword of freezing
  9677 | D:9      | Identified a +0 robe
  9680 | D:9      | Identified a +0 short sword
  9680 | D:9      | Identified a +0 robe
  9732 | D:9      | Identified a +0 club
  9733 | D:9      | Identified a +0 flail
  9733 | D:9      | Identified a +0 ring mail
  9733 | D:9      | Identified a +0 dagger
  9733 | D:9      | Identified a +0 robe
  9734 | D:9      | Identified a +0 hand axe
  9734 | D:9      | Identified a +0 leather armour
  9736 | D:9      | Identified a +0 dagger
  9736 | D:9      | Identified a +0 robe
  9834 | D:9      | Identified a +0 chain mail
  9895 | D:9      | Identified a +0 orcbow
  9901 | D:9      | Found Uwempaet's Armour Boutique.
  9915 | D:9      | Learned a level 4 spell: Dimensional Bullseye
  9941 | D:9      | Identified a +2 short sword of venom
  9942 | D:9      | Identified a +0 dagger of freezing
  9943 | D:9      | Identified a +0 war axe
  9943 | D:9      | Identified a +0 chain mail
 10059 | D:10     | Entered Level 10 of the Dungeon
 10059 | D:10     | Identified a +0 shortbow
 10067 | D:10     | Identified the +6 short sword of Igousmu {drain, rCorr}
 10084 | D:10     | Identified 2 potions of invisibility
 10113 | D:10     | Identified a +0 ring mail
 10151 | D:10     | Identified a +0 heavy orcbow
 10280 | D:10     | Identified a +0 orcbow
 10280 | D:10     | Identified a +0 club
 10281 | D:10     | Identified a +0 dagger
 10281 | D:10     | Identified a +0 robe
 10283 | D:10     | Identified a +0 war axe
 10283 | D:10     | Identified a +0 leather armour
 10288 | D:10     | Identified a +0 hand axe
 10340 | D:10     | Identified a +0 shortbow
 10348 | D:10     | Identified a +0 dagger of draining
 10437 | D:10     | Reached skill level 4 in Invocations
 10447 | D:10     | Reached skill level 3 in Armour
 10447 | D:10     | Found a radiant altar of Vehumet.
 10447 | D:10     | Identified a ring of ice
 10476 | D:10     | Found a staircase to the Lair.
 10516 | D:10     | Identified a +0 orcbow
 10517 | D:10     | Identified a potion of berserk rage
 10694 | D:11     | Identified a +0 rapier
 10694 | D:11     | Noticed a deep elf pyromancer
 10700 | D:11     | Killed a deep elf pyromancer
 10701 | D:11     | Reached skill level 13 in Maces & Flails
 10701 | D:11     | Noticed a boulder beetle
 10750 | D:10     | Identified a +0 dagger of draining
 10779 | D:11     | Killed a boulder beetle
 10780 | D:11     | Reached skill level 8 in Fighting
 10844 | D:11     | Noticed a boulder beetle
 10859 | D:11     | Killed a boulder beetle
 10864 | D:11     | Identified a +0 short sword
 10865 | D:11     | Identified a +0 whip
 10865 | D:11     | Identified a +0 chain mail
 10867 | D:11     | Identified a +0 dagger
 10867 | D:11     | Identified a +0 robe
 10867 | D:11     | Identified a +0 club
 10867 | D:11     | Identified a +0 ring mail
 10868 | D:11     | Identified a +0 flail
 10951 | D:11     | Noticed a boulder beetle
 10952 | D:11     | Reached skill level 3 in Evocations
 10963 | D:11     | Killed a boulder beetle
 10964 | D:11     | Reached skill level 4 in Dodging
 11010 | D:11     | Reached *** piety under Hepliaklqana
 11102 | D:11     | Identified a +0 pair of gloves
 11107 | D:11     | Identified a +0 shortbow
 11118 | D:11     | Identified a +0 giant club
 11118 | D:11     | Identified a +0 giant club
 11118 | D:11     | Noticed a two-headed ogre
 11122 | D:11     | Reached skill level 5 in Invocations
 11128 | D:11     | Killed a two-headed ogre
 11129 | D:11     | Reached XP level 12. HP: 90/109 MP: 9/15
 11463 | D:12     | Identified a +0 shortbow
 11471 | D:12     | Identified a +0 leather armour
 11635 | D:12     | Reached skill level 4 in Armour
 11655 | D:12     | Found a portal to a secret trove of treasure.
 11721 | D:12     | Identified a +0 pair of gloves
 11740 | D:12     | Reached skill level 8 in Throwing
 11783 | D:12     | Identified a +0 dagger of draining
 11855 | D:12     | Identified a +0 flail
 12058 | D:12     | Identified a +0 glaive
 12099 | D:13     | Noticed Kirke
 12106 | D:13     | Reached skill level 9 in Fighting
 12108 | D:13     | Killed Kirke
 12224 | D:13     | Identified a +0 plate armour
 12649 | D:13     | Identified a +0 chain mail
 12707 | D:13     | Identified a +0 dagger of draining
 12709 | D:13     | Identified a +2 dagger of speed
 12709 | D:13     | Identified a +0 robe
 12709 | D:13     | Noticed Josephine
 12718 | D:13     | HP: 13/101 [Josephine/ghostly fireball (21)]
 12735 | D:13     | Killed Josephine
 12736 | D:13     | Reached skill level 6 in Invocations
 12736 | D:13     | Reached skill level 4 in Evocations
 12749 | D:13     | Identified a +0 dagger of draining
 12755 | D:13     | Reached skill level 5 in Dodging
 12782 | D:13     | Reached skill level 14 in Maces & Flails
 12818 | D:13     | Reached **** piety under Hepliaklqana
 12820 | D:13     | Noticed a boulder beetle
 12839 | D:13     | Killed a boulder beetle
 12866 | D:14     | Noticed a boulder beetle
 12891 | D:13     | Killed a boulder beetle
 12913 | D:13     | Identified a +0 dagger of draining
 12951 | D:14     | Found Oddyis's Antique Armour Emporium.
 12994 | D:14     | Identified a +0 giant club
 12994 | D:14     | Identified a +0 giant spiked club
 12994 | D:14     | Noticed a two-headed ogre
 13003 | D:14     | Killed a two-headed ogre
 13013 | D:14     | Found a gate to the Vaults.
 13016 | D:14     | Identified a +0 broad axe
 13016 | D:14     | Identified a +0 chain mail
 13016 | D:14     | Identified a +0 kite shield
 13016 | D:14     | Noticed a vault guard
 13033 | D:14     | Killed a vault guard
 13042 | D:14     | Identified a +0 dagger of draining
 13051 | D:14     | Found a gate leading to a gauntlet.
 13058 | Gauntlet | Entered a Gauntlet
 13058 | Gauntlet | Found a transporter.
 13062 | Gauntlet | Found a transporter.
 13065 | Gauntlet | Found a transporter.
 13068 | Gauntlet | Found a transporter.
 13073 | Gauntlet | Noticed a dire elephant
 13110 | Gauntlet | Found a transporter.
 13117 | Gauntlet | Identified a +0 dagger
 13117 | Gauntlet | Identified a +0 robe
 13117 | Gauntlet | Noticed an occultist
 13117 | Gauntlet | Noticed a green death
 13120 | Gauntlet | Found a transporter.
 13121 | Gauntlet | Identified a +0 dagger
 13121 | Gauntlet | Identified a +0 robe
 13128 | Gauntlet | Found a transporter.
 13129 | Gauntlet | Found a transporter.
 13146 | Gauntlet | Found a transporter.
 13169 | Gauntlet | Found a transporter.
 13171 | Gauntlet | Found a transporter.
 13171 | Gauntlet | Identified a +0 dagger
 13171 | Gauntlet | Identified a +0 robe
 13173 | Gauntlet | Noticed a death yak
 13173 | Gauntlet | Noticed a death yak
 13174 | Gauntlet | Noticed a death yak
 13174 | Gauntlet | Noticed a death yak
 13175 | Gauntlet | Found a runed translucent door.
 13179 | Gauntlet | Found a transporter.
 13182 | Gauntlet | Found a runed translucent door.
 13406 | Gauntlet | HP: 17/111 [poisoned by a redback]
 13413 | Gauntlet | HP: 16/111 [wolf spider (4)]
 13413 | Gauntlet | Mangled by a wolf spider

Table legend: (Time is in decaauts)
 A = Elapsed time spent in this place.
 B = Non-inter-level travel time spent in this place.
 C = Inter-level travel time spent in this place.
 D = Time resting spent in this place.
 E = Time spent auto-exploring this place.
 F = Levels seen in this place.
 G = Mean time per level.
                   A        B        C        D        E       F      G
               +--------+--------+--------+--------+--------+-----+--------+
         Total |  13509 |  12665 |    844 |   1797 |   6771 |  19 |  711.0 |
       Dungeon |  11892 |  11076 |    816 |   1642 |   6306 |  14 |  849.4 |
        Temple |     64 |     36 |     28 |      0 |      0 |   1 |   64.0 |
         Sewer |    518 |    518 |      0 |     32 |    236 |   1 |  518.0 |
       Ossuary |    284 |    284 |      0 |    116 |     15 |   1 |  284.0 |
        Bailey |    394 |    394 |      0 |      7 |     57 |   1 |  394.0 |
      Gauntlet |    354 |    354 |      0 |      0 |    157 |   1 |  354.0 |
               +--------+--------+--------+--------+--------+-----+--------+

Top non-repeatable levels by time:
     D:5: 1246 daAuts
     D:2: 1066 daAuts
     D:7: 1042 daAuts
     D:6: 983 daAuts
     D:8: 968 daAuts
     D:3: 963 daAuts
     D:4: 950 daAuts
     D:9: 853 daAuts
    D:13: 831 daAuts
     D:1: 822 daAuts
    D:11: 698 daAuts
    D:10: 685 daAuts
    D:12: 650 daAuts
   Sewer: 518 daAuts
  Bailey: 394 daAuts

Table legend:
 A = Kills in this place as a percentage of kills in the entire game.
 B = Kills by you in this place as a percentage of kills by you in the entire game.
 C = Kills by friends in this place as a percentage of kills by friends in the entire game.
 D = Other kills in this place as a percentage of other kills in the entire game.
 E = Experience gained in this place as a percentage of experience gained in the entire game.
 F = Experience gained in this place divided by the number of levels of this place that you have seen.
                   A       B       C       D       E      F
               +-------+-------+-------+-------+-------+----------------------
         Total | 100.0 | 100.0 | 100.0 | 100.0 | 100.0 | 1657.9
       Dungeon |  81.0 |  79.2 | 100.0 | 100.0 |  95.4 | 2145.7
         Sewer |   7.5 |   8.3 |   0.0 |   0.0 |   0.6 | 186.0
       Ossuary |   4.2 |   4.6 |   0.0 |   0.0 |   0.8 | 253.0
        Bailey |   7.3 |   8.0 |   0.0 |   0.0 |   3.2 | 1021.0
               +-------+-------+-------+-------+-------+----------------------

Skill      XL: |  1  2  3  4  5  6  7  8  9 10 11 12 |
---------------+-------------------------------------+-----
Fighting       | 2 3 4 5 6 7 8 9 |  9.6
Maces & Flails | 2 4 5 7 9 11 12 13 14 | 14.5
Throwing       | 1 3 5 6 7 8 |  8.5
Spellcasting   | 2 |  2.0
Dodging        | 3 4 5 |  5.0
Invocations    | 2 5 6 |  6.5
Armour         | 2 3 4 |  4.9
Evocations     | 1 3 4 |  4.0
Ranged Weapons | |  1.3
Hexes          | |  2.6
Fire Magic     | |  0.8

Action                     |  1- 3 |  4- 6 |  7- 9 | 10-12 || total
---------------------------+-------+-------+-------+-------++-------
  Melee: Whip              |    19 |    27 |       |       ||    46
         Headbutt          |     5 |    10 |    59 |    86 ||   160
         Punch             |     1 |       |       |       ||     1
         Flail             |       |    13 |       |       ||    13
         Mace              |       |     5 |       |       ||     5
         Giant club        |       |       |   386 |   401 ||   787
         Unarmed           |       |       |       |     1 ||     1
   Fire: Sling             |    63 |   132 |    19 |       ||   214
  Throw: Boomerang         |       |       |    25 |    64 ||    89
         Dart              |       |       |     8 |    22 ||    30
         Large rock        |       |       |       |    15 ||    15
         Javelin           |       |       |       |     1 ||     1
   Cast: Jinxbite          |     2 |    15 |    37 |    39 ||    93
         Sigil of Binding  |       |       |     1 |       ||     1
         Apportation       |       |       |       |     3 ||     3
 Invoke: Ancestor Life: He |       |       |       |     1 ||     1
         Ancestor Identity |       |       |       |     1 ||     1
  Evoke: Lightning rod     |       |       |       |     9 ||     9
         Wand              |       |       |       |     3 ||     3
    Use: Potion            |       |     4 |     4 |     6 ||    14
         Scroll            |       |       |    19 |     9 ||    28
   Stab: Sleeping          |       |       |     1 |       ||     1
         Distracted        |       |       |       |     5 ||     5
         Confused          |       |       |       |     5 ||     5
 Armour: Robe              |    49 |    91 |   347 |       ||   487
         Skin              |       |    32 |       |     3 ||    35
         Steam dragon scal |       |       |    23 |   335 ||   358
  Dodge: Dodged            |    42 |    89 |   260 |   418 ||   809

Vanquished Creatures
  A vault guard (D:14)
  3 two-headed ogres
  5 boulder beetles
  A glowing orange brain (D:14)
  2 manticores
  A cyclops (D:12)
  A black mamba (shapeshifter) (D:12)
  A komodo dragon (D:11)
  A troll (D:12)
  Sigmund (D:2)
  15 yaks
  A shadow (D:12)
  A wyvern (D:5)
  3 wraiths
  4 hogs (D:13)
  A redback (Bailey)
  3 steam dragons
  4 vampire mosquitoes (D:10)
  Menkaure (D:5)
  A water moccasin (D:7)
  An acid dragon (D:11)
  Duvessa (D:4)
  6 orc warriors (Bailey)
  5 sky beasts
  2 ogres
  A crocodile (D:9)
  7 centaurs
  A phantom (D:6)
  Blork the orc (D:5)
  2 bullfrogs
  A brain worm (Sewer)
  A kobold brigand (D:8)
  A gnoll sergeant (D:8)
  5 scorpions
  11 wights
  Dowan (D:4)
  17 killer bees
  8 howler monkeys
  2 centaur zombies (Ossuary)
  3 orc priests
  3 hounds
  2 iguanas (D:5)
  5 orc wizards
  2 gnoll boudas
  Terence (D:2)
  A hexer (D:10)
  A sleepcap (D:6)
  4 crocodile zombies (Ossuary)
  3 mummies (Ossuary)
  9 adders
  19 gnolls
  2 river rats
  A shadow imp (D:7)
  A white imp (D:5)
  2 ufetubi (D:6)
  3 ribbon worms
  A dart slug (Sewer)
  40 orcs
  10 ball pythons
  8 endoplasms
  3 giant cockroaches
  A gnoll zombie (Ossuary)
  9 goblins
  9 hobgoblins
  11 jackals
  5 quokkas
  15 bats
  3 frilled lizards
  19 kobolds
  5 kobold zombies (Ossuary)
  A quokka zombie (D:5)
  2 rats
  A rat zombie (D:5)
330 creatures vanquished.

Vanquished Creatures (collateral kills)
  Kirke (D:13)
  A deep elf pyromancer (D:11)
  An unseen horror (D:13)
  A komodo dragon (D:12)
  2 wraiths (D:13)
  A hog (D:13)
  4 yaks
  A water moccasin (D:9)
  An orc warrior (D:9)
  A centaur (D:10)
  3 wights (D:9)
  2 killer bees (D:9)
  A howler monkey (D:8)
  An orc priest (D:11)
  3 orc wizards
  4 orcs
28 creatures vanquished.

Vanquished Creatures (others)
  Josephine (D:13)
  A human (D:13)
  An ancestor (D:8)
  7 hexers
10 creatures vanquished.

Grand Total: 368 creatures vanquished
